AoeStats
← lord pingostini

Arena

508986850Analyzed
4v4 RM · 7d ago on Sep 25, 2026· 44m 19s· 8 players
Game mode
Random Map
Map size
Large (8 player)
Population
200
Speed
Normal
Resources
Standard
Victory
Conquest
Starting age
Dark Age
Ending age
Imperial Age
RankedLock teamsTeams togetherTeam positionsShared explorationLock speedFull tech treeHidden civsTurbo modeCheats
Victory
Defeat
🇧🇷 Japanese · Brazil
1007
+14
🇲🇽 Hindustanis · Mexico
1000
+45
🇭🇰 Franks · Hong Kong SAR China
983
+15
🇧🇷 Danes · Brazil
981
+15
🇻🇪 Vikings · Venezuela
973
-15
🇺🇸 Khmer · United States
970
-14
🇵🇪 Inca · Peru
966
-15
🇵🇪 Danes · Peru
962
-15
Amaturehour15
9:34 Feudal Age
10:12 Horse Collar
10:24 Double-Bit Axe
10:25 Horse Collar
12:14 Wheelbarrow
13:11 Gold Mining
19:08 Castle Age
17:55 Stone Mining
20:46 Gold Shaft Mining
20:24 Bow Saw
20:20 Heavy Plow
20:53 Hand Cart
26:57 Imperial Age
28:20 Stone Shaft Mining
27:40 Man-at-Arms
29:32 Conscription
30:35 Crossbowman
31:24 Town Watch
31:26 Loom
31:55 Long Swordsman
34:12 Town Patrol
35:28 Scale Mail Armor
35:39 Forging
36:44 Ballistics
36:35 Fortified Wall
37:38 Bloodlines
36:57 Two-Handed Swordsman
38:12 Husbandry
38:22 Bloodlines
43:27 Light Cavalry
lord pingostini
10:52 Feudal Age
15:32 Castle Age
13:59 Double-Bit Axe
13:56 Horse Collar
18:09 Bow Saw
27:01 Gold Mining
26:54 Champi Runner
32:53 Imperial Age
30:52 Forging
30:43 Scale Mail Armor
30:44 Horse Collar
30:54 Champi Warrior
32:18 Iron Casting
32:38 Squires
34:00 Elite Champi Warrior
36:05 Gold Shaft Mining
36:18 Pikeman
38:16 Blast Furnace
37:32 Chain Mail Armor
37:21 Padded Archer Armor
37:13 Fletching
38:17 Elite Skirmisher
castle.franz06
11:04 Feudal Age
13:11 Double-Bit Axe
15:41 Castle Age
13:27 Horse Collar
14:24 Stone Mining
14:28 Gold Mining
17:16 Bow Saw
20:51 Heavy Plow
27:41 Fletching
35:39 Bodkin Arrow
the King
0:28 Loom
13:45 Feudal Age
19:02 Castle Age
17:43 Horse Collar
17:51 Double-Bit Axe
18:34 Man-at-Arms
19:21 Scale Mail Armor
19:32 Forging
19:43 Forging
28:23 Fletching
28:34 Padded Archer Armor
33:54 Imperial Age
31:44 Bodkin Arrow
36:20 Imperial Age
35:28 Long Swordsman
36:34 Pikeman
37:17 Squires
40:31 Bracer
40:46 Leather Archer Armor
41:42 Bow Saw
41:04 Crossbowman
42:06 Arbalester
43:22 Ring Archer Armor
Chicletinho
10:36 Feudal Age
15:01 Castle Age
15:06 Double-Bit Axe
20:48 Horse Collar
23:19 Forging
23:12 Scale Mail Armor
24:10 Chain Mail Armor
24:11 Forging
31:38 Iron Casting
32:15 Heavy Plow
35:36 Imperial Age
34:16 Gold Mining
35:47 Gold Shaft Mining
37:09 Scale Barding Armor
37:41 Plate Mail Armor
37:13 Capped Ram
40:49 Blast Furnace
42:01 Elite Varangian Guard
2487664814
2:29 Loom
13:50 Feudal Age
15:11 Wheelbarrow
14:40 Double-Bit Axe
18:54 Castle Age
17:39 Stone Mining
18:47 Gold Mining
19:53 Bow Saw
21:47 Scale Barding Armor
23:53 Hand Cart
26:43 Forging
31:42 Imperial Age
29:00 Town Watch
30:36 Gold Shaft Mining
31:35 Chain Barding Armor
31:53 Iron Casting
31:21 Husbandry
32:28 Cavalier
33:30 Conscription
34:13 Plate Barding Armor
34:42 Blast Furnace
34:23 Chivalry
34:28 Paladin
34:32 Light Cavalry
35:06 Fletching
35:30 Fortified Wall
36:22 Chemistry
42:07 Bodkin Arrow
tonnyverygood
6:03 Loom
10:16 Feudal Age
8:50 Loom
11:52 Loom
14:20 Castle Age
12:46 Double-Bit Axe
14:02 Horse Collar
16:34 Bow Saw
17:47 Heavy Plow
26:08 Loom
27:01 Gold Mining
28:05 Ballistics
32:20 Imperial Age
30:59 Padded Archer Armor
31:20 Masonry
31:56 Wheelbarrow
31:08 Town Watch
34:12 Chemistry
33:26 Fletching
35:14 Leather Archer Armor
36:20 Two-Man Saw
35:56 Gold Shaft Mining
36:22 Hoardings
36:35 Ring Archer Armor
37:45 Shatagni
38:05 Hand Cart
39:02 Conscription
pedrocastanhal22
10:09 Loom
12:40 Feudal Age
18:07 Castle Age
20:54 Scale Mail Armor
21:05 Forging
30:35 Gold Mining
30:35 Double-Bit Axe
31:39 Iron Casting
33:53 Horse Collar
38:12 Chain Mail Armor
38:53 Gold Shaft Mining
38:30 Bow Saw
39:23 Wheelbarrow
38:56 Heavy Plow
41:05 Padded Archer Armor
42:09 Stone Mining
43:12 Treadmill Crane
Connection lost

Rejoining the realm…

Still unreachable

The connection could not be restored.

Session expired

The server has moved on; the page needs a fresh start.